 Dungeon Crawl Stone Soup version 0.31-a0-1612-g4aaf141 (webtiles) character file.

Game seed: 7415566552770639902

765 PublicAnimeNo1 the Apothecary (level 7, 0/52 HPs)
             Began as a Demonspawn Alchemist on Jan 9, 2024.
             Was a Follower of Makhleb.
             Slain by an orc priest
             ... wielding a +0 hand axe of electrocution
              (14 damage)
             ... on level 5 of the Dungeon.
             The game lasted 00:12:13 (4894 turns).

PublicAnimeNo1 the Apothecary (DsAl)                Turns: 4894, Time: 00:12:13

Health: 0/52       AC: 13    Str:  8      XL:     7   Next: 52%
Magic:  10/10      EV: 10    Int: 17 (18) God:    Makhleb [*.....]
Gold:   159        SH:  0    Dex: 11 (13) Spells: 9/10 levels left

rFire   + + .        k - +1 trident (venom)
rCold   . . .        (no shield)
rNeg    . . .        o - +2 ring mail {rF+}
rPois   .            a - +2 helmet
rElec   .            (no cloak)
rCorr   .            (gloves unavailable)
SInv    .            (no boots)
Will    .....        (no amulet)
Stlth   +            i - ring of protection from fire
HPRegen 0.28/turn    (no ring)
MPRegen 0.24/turn

%: no passive effects
@: no status effects
A: claws 3, icy blue scales 2, magic regeneration, deterioration 1
a: Renounce Religion


You were on level 5 of the Dungeon.
You worshipped Makhleb.
Makhleb was aware of your devotion.
You visited 1 branch of the dungeon, and saw 5 of its levels.
You also visited: Sewer.

You collected 198 gold pieces.
You spent 39 gold pieces at shops.

Inventory:

Hand Weapons
 g - a +2 dagger of venom
 j - a +3 sling of electrocution
 k - a +1 trident of venom (weapon)
Armour
 a - a +2 helmet (worn)
 o - a +2 ring mail of fire resistance (worn)
Jewellery
 f - a ring of wizardry
 i - a ring of protection from fire (left claw)
Wands
 l - a wand of flame (7)
 n - a wand of polymorph (7)
Scrolls
 c - 3 scrolls of amnesia
 s - 2 scrolls of teleportation
Potions
 b - 2 potions of magic
 e - a potion of brilliance {unknown}
 h - 3 potions of attraction
 m - a potion of haste
 q - 3 potions of heal wounds
 r - a potion of invisibility


   Skills:
 + Level 3.1 Fighting
 + Level 0.9 Armour
 + Level 2.1 Dodging
 - Level 1.7 Stealth
 - Level 2.0 Spellcasting
 - Level 1.0 Conjurations
 + Level 7.2 Alchemy
 + Level 4.2 Invocations


You had 9 spell levels left.
You knew the following spells:

 Your Spells              Type           Power      Damage    Failure   Level
a - Sting                 Conj/Alch      60%        1d6       11%         1

Your spell library contained the following spells:

 Spells                   Type           Power      Damage    Failure   Level
 Mercury Vapours          Alch/Air       28%        N/A       21%         2
 Olgreb's Toxic Radiance  Alch           26%        N/A       30%         4
 Mephitic Cloud           Conj/Alch/Air  11%        N/A       50%         3
 Slow                     Hex            4%         N/A       52%         1
 Summon Small Mammal      Summ           4%         N/A       52%         1
 Fulminant Prism          Conj/Alch      7%         3d6       73%         4
 Sticky Flame             Fire/Alch      14%        2d5       80%         4
 Call Canine Familiar     Summ           1%         N/A       87%         3
 Confusing Touch          Hex            1%         N/A       87%         3
 Sigil of Binding         Hex            1%         N/A       87%         3
 Vampiric Draining        Necr           1%         2d6       87%         3
 Volatile Blastmotes      Fire/Tloc      2%         2d10      87%         3
 Iskenderun's Mystic Bla  Conj/Tloc      3%         2d3       99%         4
 Summon Blazeheart Golem  Fire/Summ      1%         N/A       99%         4


Dungeon Overview and Level Annotations

Branches:
Dungeon (5/15)              Sewer (visited)
 Temple: D:4-7

Altars:
Ashenzari
Cheibriados
Makhleb
Sif Muna
Wu Jian

Shops:
D:1 !


Innate Abilities, Weirdness & Mutations

You have claws for hands.
You are mostly covered in icy blue scales. (AC +3)
You regenerate magic rapidly.
Your body sometimes deteriorates upon taking damage.


Message History

Your Dodging skill increases to level 2!
Your Invocations skill increases to level 4!
You feel sick.
You are no longer poisoned.
Items here: )) [ †.
There is a stone staircase leading down here.
You climb downwards.
There is a stone staircase leading up here.
You start resting.
An orc is nearby!
You hit the orc but do no damage. The orc hits you with a +0 club.
You are too injured to fight recklessly!
You barely miss the orc. The orc hits you with a +0 club.
You puncture the orc!
You kill the orc!
Makhleb accepts your kill.
You feel better.
The orc priest invokes the aid of Beogh against you.
Beogh smites you!
Your body deteriorates!
You feel dopey.
You barely miss the orc priest.
The orc priest invokes the aid of Beogh against you.
Beogh smites you!
* * * LOW HITPOINT WARNING * * *
You barely miss the orc priest.
The orc priest hits you but does no damage.
You closely miss the orc priest.
The orc priest hits you but does no damage.
The orc priest looks satisfied for a moment.
You closely miss the orc priest. The orc priest barely misses you.
You hit the orc priest.
The orc priest is lightly wounded.
The orc priest closely misses you.
You closely miss the orc priest.
The orc priest is lightly wounded.
The orc priest closely misses you.
The orc priest hits you with a +0 hand axe of electrocution.
* * * LOW HITPOINT WARNING * * *
You are electrocuted!
You die...

##o#.# ..
##o.#.# ##.o##.#
#..###.# #.##
..# #.# .## #.#
.# #####.###.###
......o@<...#
................
.............###
.(.......>..##
............#
!..............
............###
............#


You could see an orc priest.

Vanquished Creatures
  A water moccasin (D:4)
  A phantom (D:3)
  2 bombardier beetles (D:4)
  A hound (D:4)
  A jelly (D:5)
  An orc priest (D:5)
  2 iguanas
  Ijyb (D:4)
  4 orc wizards
  A sleepcap (D:4)
  4 gnolls
  5 adders
  4 dart slugs
  5 ribbon worms
  19 orcs
  7 ball pythons
  8 endoplasms
  8 goblins
  3 hobgoblins
  8 jackals
  17 kobolds
  4 quokkas
  A bat (D:1)
  A frilled lizard (D:2)
  6 rats
115 creatures vanquished.

Notes
Turn   | Place    | Note
-------+----------+-------------------------------------------
     0 | D:1      | PublicAnimeNo1 the Demonspawn Alchemist began the quest for
                  | the Orb.
     0 | D:1      | Reached XP level 1. HP: 13/13 MP: 3/3
   190 | D:1      | Found Cuczop's Distillery.
   217 | D:1      | Gained mutation: You are partially covered in icy blue
                  | scales. (AC +2) [demonic ancestry]
   217 | D:1      | Reached XP level 2. HP: 19/19 MP: 0/5
   418 | D:1      | Reached skill level 4 in Alchemy
   576 | D:1      | Gained mutation: You are mostly covered in icy blue scales.
                  | (AC +3) [demonic ancestry]
   576 | D:1      | Reached XP level 3. HP: 24/24 MP: 3/6
   985 | D:1      | Bought a potion of curing for 39 gold pieces
  1905 | D:3      | Reached skill level 5 in Alchemy
  1905 | D:3      | Gained mutation: You have sharp fingernails. [demonic
                  | ancestry]
  1905 | D:3      | Reached XP level 4. HP: 19/30 MP: 2/7
  2028 | D:3      | Found a shimmering blue altar of Sif Muna.
  2039 | D:3      | Found an ornate altar of the Wu Jian Council.
  2134 | D:3      | Found a faded altar of an unknown god.
  2360 | D:3      | Noticed a phantom
  2423 | D:3      | Killed a phantom
  2424 | D:3      | Reached skill level 6 in Alchemy
  2424 | D:3      | Gained mutation: You have very sharp fingernails. [demonic
                  | ancestry]
  2424 | D:3      | Reached XP level 5. HP: 21/35 MP: 8/8
  2768 | D:3      | Found a burning altar of Makhleb.
  2775 | D:3      | Became a worshipper of Makhleb the Destroyer
  2943 | D:4      | Reached skill level 1 in Invocations
  2981 | D:4      | Noticed Ijyb
  3009 | D:4      | Killed Ijyb
  3010 | D:4      | Reached skill level 1 in Fighting
  3010 | D:4      | Gained mutation: You regenerate magic rapidly. [demonic
                  | ancestry]
  3010 | D:4      | Reached XP level 6. HP: 42/43 MP: 9/9
  3149 | D:4      | Found a broken altar of Ashenzari.
  3417 | D:4      | Found a glowing drain.
  3422 | Sewer    | Entered a sewer
  3538 | Sewer    | Reached * piety under Makhleb
  3915 | Sewer    | Gained mutation: You are dopey. (Int -2) [potion of
                  | mutation]
  3915 | Sewer    | Gained mutation: Your body sometimes deteriorates upon
                  | taking damage. [potion of mutation]
  3915 | Sewer    | Lost mutation: You are dopey. (Int -2) [potion of mutation]
  4151 | D:4      | Found a snail-covered altar of Cheibriados.
  4373 | D:5      | Entered Level 5 of the Dungeon
  4399 | D:4      | Gained mutation: You have claws for hands. [demonic
                  | ancestry]
  4399 | D:4      | Reached XP level 7. HP: 49/51 MP: 10/10
  4420 | D:5      | Reached skill level 7 in Alchemy
  4894 | D:5      | Slain by an orc priest

Illustrated notes

Levels and vault maps discovered:
D:1:      wander_arrival_desolate, layout_basic, serial_shops,
          nicolae_shop_window_shopping, chequers_jeans
D:2:      layout_basic, grunt_ministairs_2, kennysheep_generic_room_3
D:3:      layout_loops_ring, lightli_temple_of_fire,
          amethyst_overflow_temple_binary,
          dreamdust_ecumenical_altar_angels_and_demons
D:4:      layout_loops_cross, evilmike_ruin_ashenzari, cheibrodos_worm_habitat,
          portal_sewer_entry_e, uniq_ijyb
D:5:      layout_rooms, bloody_trog, serial_shops,
          nicolae_shop_temple_entry_statues_fountains

Skill      XL: |  1  2  3  4  5  6  7 |
---------------+----------------------+-----
Alchemy        | 4 5 6 7 |  7.2
Invocations    | 1 3 4 |  4.2
Fighting       | 1 2 3 |  3.1
Dodging        | 2 |  2.1
Armour         | |  0.9
Stealth        | |  1.7
Spellcasting   | |  2.0
Conjurations   | |  1.0

Action                     |  1- 3 |  4- 6 |  7- 9 || total
---------------------------+-------+-------+-------++-------
  Melee: Unarmed           |     5 |    13 |       ||    18
         Mace              |    15 |       |       ||    15
         Spear             |    31 |       |       ||    31
         Trident           |       |   202 |    71 ||   273
         Punch             |       |     3 |     2 ||     5
   Cast: Sting             |    57 |    54 |     7 ||   118
  Evoke: Wand              |       |     4 |       ||     4
    Use: Scroll            |     1 |     6 |     1 ||     8
         Potion            |       |    10 |     1 ||    11
   Stab: Sleeping          |     1 |     2 |       ||     3
         Distracted        |       |     1 |       ||     1
 Armour: Robe              |    28 |     1 |       ||    29
         Leather armour    |       |    72 |       ||    72
         Skin              |       |     3 |       ||     3
         Ring mail         |       |    92 |    58 ||   150
  Dodge: Dodged            |    39 |   131 |    48 ||   218

Table legend: (Time is in decaauts)
 A = Elapsed time spent in this place.
 B = Non-inter-level travel time spent in this place.
 C = Inter-level travel time spent in this place.
 D = Time resting spent in this place.
 E = Time spent auto-exploring this place.
 F = Levels seen in this place.
 G = Mean time per level.
                   A        B        C        D        E       F      G
               +--------+--------+--------+--------+--------+-----+--------+
         Total |   5066 |   4831 |    235 |    559 |   2934 |   6 |  844.3 |
       Dungeon |   4493 |   4258 |    235 |    455 |   2680 |   5 |  898.6 |
         Sewer |    572 |    572 |      0 |    104 |    254 |   1 |  572.0 |
               +--------+--------+--------+--------+--------+-----+--------+

Top non-repeatable levels by time:
     D:1: 1142 daAuts
     D:4: 1100 daAuts
     D:3: 1020 daAuts
     D:2: 735 daAuts
   Sewer: 572 daAuts
     D:5: 495 daAuts
